Map: Congelamento ER

Players

Xauri - Winner!

  • Race: Terran Terran
  • League: Master

Stalker

  • Race: Zerg Zerg
  • League: Diamond

VOD

Have the link to the VOD?

Description

Time

  • Played on: Sept. 16, 2016, 6:59 p.m.
  • Length: 12:45
Show
View Real Time Build Order
Export as new Build Order

Xauri Terran - Winner!

Build Orders: Reaper Expand, MMM Bio 

Get SALT Encoding   

  12  0:00  SCV  
  13  0:13  SCV  
  14  0:18  Supply Depot  
  14  0:25  SCV  
  15  0:40  SCV  
  15  0:41  Barracks  
  16  0:45  Refinery  
  16  0:52  SCV  
  18  1:04  SCV  
  18  1:16  SCV  
  19  1:28  Reaper  
  19  1:29  Orbital Command  
  20  1:41  Command Center  
  20  1:49  Supply Depot  
  20  1:55  SCV  
  20  2:00  Marine  
  22  2:07  Factory  
  22  2:08  SCV  
  23  2:20  SCV  
  23  2:22  Barracks Reactor  
  24  2:26  Refinery  
  24  2:33  SCV  
  25  2:45  SCV  
  26  2:55  Barracks  
  26  2:59  Starport, Marine x2  
  26  3:03  Orbital Command  
  26  3:05  SCV  
  29  3:06  Widow Mine  
  31  3:17  SCV  
  31  3:19  Marine x2  
  34  3:29  SCV x2  
  36  3:35  Widow Mine  
  36  3:36  Medivac  
  40  3:41  SCV  
  40  3:42  SCV  
  40  3:43  Supply Depot  
  40  3:45  Marine x2  
  40  3:46  Barracks Tech Lab  
  44  3:53  SCV  
  44  3:54  SCV  
  46  4:02  Liberator  
  46  4:05  SCV  
  46  4:06  Marine x2  
  46  4:09  Stimpack, Marine  
  50  4:22  SCV  
  54  4:29  Command Center  
  54  4:31  Supply Depot  
  54  4:34  Bunker  
  54  4:37  Supply Depot  
  54  4:39  Factory Tech Lab  
  54  4:52  SCV, Marine x2  
  55  4:53  Marine, SCV  
  59  5:05  SCV x2  
  61  5:10  Marine  
  61  5:12  Barracks  
  62  5:14  Barracks  
  62  5:16  Barracks  
  62  5:17  Marine, SCV x2  
  62  5:20  Refinery x2  
  65  5:22  Engineering Bay  
  65  5:27  Engineering Bay  
  65  5:29  Starport Reactor, SCV  
  65  5:32  Siege Tank  
  65  5:34  Marine  
  70  5:40  SCV  
  71  5:43  Orbital Command  
  71  5:47  Marine x2  
  73  5:54  Marine  
  72  6:01  Barracks Reactor x2  
  72  6:04  Siege Tank  
  72  6:05  Marine  
  72  6:06  Barracks Reactor  
  72  6:08  Terran Infantry Weapons Level 1  
  72  6:09  Terran Infantry Armor Level 1  
  74  6:14  Supply Depot  
  74  6:16  Supply Depot x2, Marine  
  75  6:23  Combat Shields  
  75  6:25  Barracks  
  75  6:29  Marine  
  76  6:34  Medivac  
  79  6:40  SCV  
  79  6:41  Marine  
  79  6:42  Orbital Command, Marine  
  79  6:43  Marine  
  79  6:46  SCV  
  83  6:47  Barracks  
  83  6:49  Marine  
  83  6:53  Marine  
  85  6:54  Marauder, Marine  
  85  6:58  Supply Depot  
  88  7:01  Supply Depot  
  88  7:03  SCV  
  88  7:04  SCV  
  90  7:11  SCV  
  91  7:22  Marine x3  
  91  7:23  Barracks Reactor, Marine  
  94  7:32  Marine x2  
  94  7:33  Barracks Tech Lab, Marauder  
  94  7:35  Barracks Tech Lab  
  95  7:37  Medivac x2  
  95  7:43  Marine  
  100  7:47  Marine x2  
  100  7:48  SCV x3  
  105  7:54  Marauder  
  107  8:00  SCV x3  
  107  8:05  Marauder, Marine x3  
  95  8:06  Marauder  
  95  8:10  Marine x3  
  95  8:12  SCV  
  85  8:14  Siege Tank  
  85  8:15  Marauder  
  85  8:16  Marine  
  85  8:17  Marine  
  85  8:18  SCV  
  92  8:24  Marine  
  97  8:27  Marauder x2  
  97  8:29  Marine  
  97  8:32  Supply Depot x2  
  98  8:36  Marine x2  
  98  8:37  Marauder, Marine x3  
  98  8:38  Armory  
  98  8:39  Medivac x2  
  109  8:46  Siege Tank  
  116  8:48  Marauder x2  
  116  8:49  Marine x3  
  116  8:50  SCV  
  116  8:51  SCV x2  
  116  8:52  Liberator  
  116  8:54  Marine  
  123  8:56  Marine x3  
  123  8:58  Marauder  
  127  9:03  SCV  
  127  9:05  Supply Depot  
  127  9:06  Marine  
  127  9:07  Marine  
  127  9:09  Medivac  
  135  9:13  Marine  
  136  9:19  Marine x2  
  136  9:21  Liberator  
  136  9:23  SCV  
  139  9:25  Supply Depot  
  139  9:26  Supply Depot x2  
  139  9:27  Siege Tank  
  142  9:34  Liberator  
  138  9:41  Marine x2  
  138  9:42  Marauder x3, Marine x2  
  147  9:50  SCV x2  
  147  9:51  Refinery x2  
  152  9:54  Terran Infantry Weapons Level 2  
  152  10:02  Reaper  
  152  10:03  Marine x2, Marauder  
  152  10:04  Liberator, Marine x3  
  160  10:08  Command Center  
  160  10:13  Marine x4  
  164  10:15  Terran Infantry Armor Level 2  
  163  10:22  Missile Turret  
  163  10:24  Liberator, Missile Turret  
  166  10:35  Marine x2  
  138  10:36  Marine  
  138  10:37  Marine x3  
  138  10:39  Marine  
  134  10:45  Marine x4  
  134  10:47  Liberator  
  138  10:52  Marine  
  138  10:53  Marine  
  138  10:54  Marine  
  141  10:58  Marine x2  
  141  11:02  Marine  
  141  11:03  Marine, Marauder  
  141  11:04  Marauder x2, Marine  
  132  11:07  Liberator  
  132  11:10  Marine  
  137  11:11  Marine  
  137  11:12  Marine  
  137  11:16  Marine x2  
  139  11:20  Marine  
  139  11:21  Marine x2  
  139  11:24  Marine  
  139  11:25  Marine x2  
  147  11:26  Siege Tank  
  147  11:30  Liberator  
  151  11:36  Command Center, Marine x2  
  153  11:42  Marine  
  153  11:43  Marine  
  155  11:51  Marine x2  
  155  11:52  Marine x2  
  162  11:58  Siege Tank  
  165  12:05  SCV  
  147  12:22  Missile Turret  
Show
View Real Time Build Order
Export as new Build Order

Stalker Zerg 

Build Orders: Hatch First, Muta Ling Bane 

Get SALT Encoding   

  12  0:01  Drone  
  13  0:13  Overlord  
  13  0:18  Drone  
  14  0:31  Drone  
  14  0:32  Drone  
  16  0:40  Drone  
  17  0:54  Hatchery  
  16  0:58  Extractor  
  16  0:59  Drone  
  16  1:01  Drone  
  17  1:17  Spawning Pool  
  16  1:20  Drone  
  17  1:27  Drone  
  18  1:39  Drone  
  19  1:41  Overlord  
  19  2:04  Queen, Metabolic Boost  
  19  2:06  Queen  
  23  2:11  Zergling x2  
  23  2:12  Zergling x2  
  25  2:17  Drone  
  25  2:18  Drone  
  25  2:22  Drone  
  28  2:41  Spine Crawler  
  28  2:45  Drone x5  
  33  2:53  Pneumatized Carapace  
  33  2:59  Drone x3  
  36  3:10  Overlord  
  36  3:14  Overlord  
  36  3:27  Queen  
  36  3:30  Drone  
  36  3:31  Drone  
  36  3:33  Hatchery  
  39  3:35  Drone x2  
  39  3:40  Drone  
  39  3:41  Drone  
  43  3:42  Drone  
  43  3:47  Drone  
  45  3:55  Zergling x8  
  49  4:01  Drone x3  
  52  4:04  Overlord  
  52  4:07  Extractor  
  51  4:10  Overlord  
  51  4:20  Drone  
  51  4:21  Extractor  
  51  4:23  Lair  
  51  4:29  Drone x2  
  53  4:34  Zergling x6  
  56  4:39  Overlord  
  56  4:46  Queen  
  56  4:52  Drone x2  
  60  4:59  Spore Crawler  
  53  5:00  Drone x4  
  53  5:01  Drone x2  
  59  5:15  Drone x6  
  59  5:16  Drone  
  59  5:20  Spore Crawler  
  65  5:24  Drone x2  
  65  5:25  Evolution Chamber  
  65  5:26  Evolution Chamber  
  65  5:28  Drone x2  
  65  5:35  Spore Crawler  
  66  5:37  Drone x2  
  66  5:38  Spore Crawler  
  66  5:42  Zergling x4  
  69  5:48  Baneling Nest  
  68  5:53  Drone x7  
  70  5:58  Drone  
  71  6:09  Zerg Melee Weapons Level 1, Zerg Ground Armor Level 1  
  71  6:12  Drone x3  
  71  6:13  Drone x2  
  76  6:20  Overlord  
  76  6:22  Drone  
  77  6:28  Drone  
  77  6:29  Drone x4, Extractor  
  77  6:32  Hatchery  
  80  6:35  Queen  
  80  6:36  Extractor  
  80  6:37  Extractor  
  80  6:38  Zergling x4  
  80  6:39  Zergling x2  
  83  6:46  Zergling x4  
  85  6:54  Overseer  
  85  6:57  Zergling x6  
  88  7:02  Spire  
  88  7:03  Drone x2  
  88  7:04  Zergling x2  
  90  7:10  Infestation Pit  
  90  7:11  Baneling x7  
  90  7:12  Baneling x2  
  90  7:13  Centrifical Hooks  
  89  7:16  Zergling x2  
  89  7:17  Overlord x3  
  90  7:33  Overlord  
  90  7:34  Overseer, Overlord  
  90  7:36  Zergling x2  
  91  7:37  Zergling x20  
  101  7:51  Hive  
  101  7:52  Overlord  
  101  7:54  Zergling x2  
  101  7:55  Zergling x10  
  88  8:06  Zergling x10  
  88  8:07  Zergling x4  
  88  8:10  Queen  
  94  8:15  Mutalisk  
  94  8:16  Mutalisk x3  
  101  8:23  Baneling x2  
  101  8:24  Baneling x4  
  101  8:26  Drone x2  
  101  8:27  Drone  
  103  8:28  Overlord  
  103  8:37  Zergling x2  
  103  8:38  Zergling x8  
  108  8:43  Hatchery  
  108  8:46  Drone x5  
  112  8:49  Zerg Melee Weapons Level 2  
  112  8:53  Baneling x2, Zergling x2  
  112  8:54  Zergling x4  
  112  8:55  Zergling x2  
  116  8:56  Zergling x2  
  116  8:58  Zergling x2  
  118  9:10  Mutalisk  
  118  9:16  Mutalisk  
  118  9:17  Mutalisk x5  
  125  9:24  Mutalisk  
  125  9:25  Mutalisk x2  
  125  9:29  Mutalisk  
  133  9:35  Mutalisk x2  
  135  9:38  Zergling x2  
  135  9:39  Zergling x4  
  135  9:43  Drone x4  
  140  9:56  Drone  
  140  9:57  Drone x2  
  140  9:59  Overlord x2  
  143  10:00  Spore Crawler  
  143  10:01  Extractor  
  143  10:03  Baneling  
  143  10:04  Baneling x6  
  143  10:06  Zergling x4  
  145  10:07  Zergling x8  
  147  10:17  Zerg Ground Armor Level 2  
  147  10:19  Ultralisk Cavern  
  146  10:27  Zergling x2  
  146  10:28  Zergling x16  
  129  10:37  Zergling x16  
  126  10:43  Drone, Zergling x4  
  126  10:44  Zergling x6  
  132  10:54  Zergling x8  
  132  10:55  Zergling x6  
  101  11:04  Zergling x2  
  101  11:05  Zergling x20  
  102  11:13  Chitinous Plating  
  102  11:15  Ultralisk  
  104  11:20  Zergling x10  
  104  11:25  Zergling x6  
  108  11:26  Zergling x4  
  108  11:29  Mutalisk  
  109  11:37  Ultralisk  
  114  11:44  Baneling x4  
  114  11:45  Baneling x3  
  113  11:48  Drone x2  
  113  11:49  Drone x2  
  113  11:51  Zergling x2  
  113  11:53  Zergling x4  
  108  12:10  Zergling x4  
  108  12:11  Zergling x8  
  108  12:14  Zergling x2  
  108  12:15  Zergling x14  
  102  12:22  Zergling x2  
  102  12:23  Zergling x4  
Tags
 
Add a new tag
Caveats
  • Supply blocks, unpowered buildings, or Contaminate may cause inaccurate times.
  • Supply counts are checked every 10 seconds.